PAAA
FOREST CITY WARRIORS @ JERSEY CITY TRITONS
08/30/2041
 
TOP OF THE 1ST
Forest City Warriors batting - Pitching for Jersey City Tritons : LHP Paul Vereen
Pitching: LHP Paul Vereen
Batting: RHB Ernest Franks 0-0: Ground out 1-3 (Groundball, P, EV 87.5 MPH)
Batting: RHB Sigi Lang 0-0: Called Strike
0-1: Called Strike
0-2: DOUBLE (Line Drive, 9LM, EV 113.1 MPH)
Batting: RHB Roberto Vázquez 0-0: Ball
1-0: Ball
2-0: SINGLE (Flyball, 34D, EV 94.4 MPH)
Sigi Lang to third
Runner from 3rd tries for Home, SAFE, no throw by RF
Batting: RHB Wilbur Davis 0-0: Fly out, F7 (Flyball, 7D, EV 88.1 MPH)
Batting: LHB Lauren Hilfiker 0-0: Ball
1-0: Ball
Roberto Vázquez steals 2nd, throwing error, E2
Roberto Vázquez to third
2-0: Ball
3-0: Called Strike
3-1: Called Strike
3-2: Foul Ball, location: 2F
3-2: Foul Ball, location: 2F
3-2: Fly out, F8 (Flyball, 8LD, EV 85.6 MPH)
Top of the 1st over - 1 run, 2 hits, 1 error, 1 left on base; Forest City 1 - Jersey City 0
BOTTOM OF THE 1ST
Jersey City Tritons batting - Pitching for Forest City Warriors : RHP Tim Walker
Pitching: RHP Tim Walker
Batting: RHB Nate Edwards 0-0: Called Strike
0-1: Foul Ball, location: 2F
0-2: Ball
1-2: Foul Ball, location: 2F
1-2: Ball
2-2: Strikes out swinging
Batting: RHB Santiago Valentín 0-0: Ball
1-0: Ball
2-0: DOUBLE (Flyball, 8RXD, EV 86.2 MPH)
Batting: RHB Syed Sarkar 0-0: Ball
1-0: Swinging Strike
1-1: Called Strike
1-2: Ball
2-2: Strikes out swinging
Batting: RHB Mauro Jasso Balk!
Santiago Valentín to third
0-0: Ball
1-0: Called Strike
1-1: Ball
2-1: Ground out 1-3 (Groundball, 15S, EV 70.0 MPH)
Bottom of the 1st over - 0 runs, 1 hit, 0 errors, 1 left on base; Forest City 1 - Jersey City 0
TOP OF THE 2ND
Forest City Warriors batting - Pitching for Jersey City Tritons : LHP Paul Vereen
Batting: RHB José Álvarez 0-0: Fly out, F9 (Flyball, 9LSF, EV 92.5 MPH)
Batting: RHB Dale Epner 0-0: Called Strike
0-1: Ball
1-1: Ball
2-1: Foul Ball, location: 2F
2-2: SINGLE (Groundball, 5D, EV 106.2 MPH)
Batting: RHB Armando Altagracia 0-0: Called Strike
0-1: Ball
1-1: Ball
2-1: Foul Ball, location: 2F
2-2: Fly out, F8 (Line Drive, 8LM, EV 96.2 MPH)
Batting: RHB Yu-bao Wie 0-0: Ball
1-0: Swinging Strike
1-1: Foul Ball, location: 2F
1-2: Fly out, F4 (Popup, 4, EV 63.8 MPH)
Top of the 2nd over - 0 runs, 1 hit, 0 errors, 1 left on base; Forest City 1 - Jersey City 0
BOTTOM OF THE 2ND
Jersey City Tritons batting - Pitching for Forest City Warriors : RHP Tim Walker
Batting: LHB Steve Whitehead 0-0: Ball
1-0: SINGLE (Groundball, 4MD, EV 99.4 MPH)
Batting: RHB José García 0-0: Called Strike
0-1: SINGLE (Groundball, 6D, EV 113.1 MPH)
Steve Whitehead to second
Batting: RHB Lorenzo Varela 0-0: Grounds into double play, 4-6-3 (Groundball, 34, EV 101.9 MPH)
Steve Whitehead to third
Batting: LHB Jarred Williamson 0-0: Called Strike
0-1: Swinging Strike
0-2: Foul Ball, location: 2F
0-2: SINGLE (Groundball, 34D, EV 103.8 MPH)
Steve Whitehead scores
Batting: RHB Jaime Montés 0-0: Called Strike
0-1: Called Strike
0-2: Ball
1-2: SINGLE (Line Drive, 9S, EV 91.9 MPH)
Jarred Williamson to second
Batting: RHB Nate Edwards 0-0: Ball
1-0: Called Strike
1-1: Ball
Wild Pitch!
Jarred Williamson to third
Jaime Montés to second
2-1: Ball
3-1: Base on Balls
Batting: RHB Santiago Valentín 0-0: Foul Ball, location: 2F
0-1: Swinging Strike
0-2: Strikes out swinging
Bottom of the 2nd over - 1 run, 4 hits, 0 errors, 3 left on base; Forest City 1 - Jersey City 1
TOP OF THE 3RD
Forest City Warriors batting - Pitching for Jersey City Tritons : LHP Paul Vereen
Batting: RHB Ernest Franks 0-0: Hit by Pitch
Batting: RHB Sigi Lang 0-0: SINGLE (Line Drive, 9LS, EV 88.1 MPH)
Ernest Franks to second
Runner from 2nd tries for 3rd, SAFE, no throw by RF
Batting: RHB Roberto Vázquez 0-0: Called Strike
0-1: Called Strike
0-2: DOUBLE (Line Drive, 7LS, EV 92.5 MPH)
Ernest Franks scores
Sigi Lang to third
Batting: RHB Wilbur Davis 0-0: Ball
Passed Ball!
Sigi Lang scores
Roberto Vázquez to third
1-0: Called Strike
1-1: Hit by Pitch
Batting: LHB Lauren Hilfiker 0-0: Ball
1-0: Called Strike
1-1: Ball
2-1: Ball
3-1: Fly out, F7 (Flyball, 7S, EV 80.0 MPH)
Runner from 3rd tags up, SCORES, throw by LF
Batting: RHB José Álvarez 0-0: Grounds into double play, 6-4-3 (Groundball, 6, EV 80.0 MPH)
Top of the 3rd over - 3 runs, 2 hits, 0 errors, 0 left on base; Forest City 4 - Jersey City 1
BOTTOM OF THE 3RD
Jersey City Tritons batting - Pitching for Forest City Warriors : RHP Tim Walker
Batting: RHB Syed Sarkar 0-0: Ball
1-0: Swinging Strike
1-1: Hit by Pitch
Batting: RHB Mauro Jasso 0-0: Ball
1-0: Foul Ball, location: 2F
1-1: Swinging Strike
1-2: Ball
2-2: Foul Ball, location: 2F
2-2: Foul Ball, location: 2F
2-2: Fly out, F7 (Flyball, 7, EV 86.9 MPH)
Batting: LHB Steve Whitehead 0-0: Ball
1-0: Foul Ball, location: 2F
1-1: Ball
2-1: Grounds into double play, 6-4-3 (Groundball, 6, EV 81.9 MPH)
Bottom of the 3rd over - 0 runs, 0 hits, 0 errors, 0 left on base; Forest City 4 - Jersey City 1
TOP OF THE 4TH
Forest City Warriors batting - Pitching for Jersey City Tritons : LHP Paul Vereen
Batting: RHB Dale Epner 0-0: Called Strike
0-1: Ground out 4-3 (Groundball, 4, EV 91.2 MPH)
Batting: RHB Armando Altagracia 0-0: Ball
1-0: Called Strike
1-1: Ball
2-1: Ground out 6-3 (Groundball, 6, EV 88.1 MPH)
Batting: RHB Yu-bao Wie 0-0: Ground out 5-3 (Groundball, 56S, EV 67.5 MPH)
Top of the 4th over - 0 runs, 0 hits, 0 errors, 0 left on base; Forest City 4 - Jersey City 1
BOTTOM OF THE 4TH
Jersey City Tritons batting - Pitching for Forest City Warriors : RHP Tim Walker
Batting: RHB José García 0-0: Foul Ball, location: 2F
0-1: Fly out, F9 (Line Drive, 9, EV 94.4 MPH)
Batting: RHB Lorenzo Varela 0-0: Fly out, F7 (Flyball, 7S, EV 83.1 MPH)
Batting: LHB Jarred Williamson 0-0: Foul Ball, location: 2F
0-1: Foul Ball, location: 2F
0-2: SINGLE (Groundball, 3D, EV 98.1 MPH)
Batting: RHB Jaime Montés 0-0: Called Strike
0-1: Swinging Strike
0-2: Strikes out swinging
Bottom of the 4th over - 0 runs, 1 hit, 0 errors, 1 left on base; Forest City 4 - Jersey City 1
TOP OF THE 5TH
Forest City Warriors batting - Pitching for Jersey City Tritons : LHP Paul Vereen
Batting: RHB Ernest Franks 0-0: Called Strike
0-1: Ball
1-1: Foul Ball, location: 2F
1-2: Strikes out looking
Batting: RHB Sigi Lang 0-0: Swinging Strike
0-1: Foul Ball, location: 2F
0-2: Foul Ball, location: 2F
0-2: Ball
1-2: Foul Ball, location: 2F
1-2: Foul Ball, location: 2F
1-2: Ball
2-2: Ball
3-2: Strikes out swinging
Batting: RHB Roberto Vázquez 0-0: Swinging Strike
0-1: Foul Ball, location: 2F
0-2: Ground out 6-3 (Groundball, 6D, EV 104.4 MPH)
Top of the 5th over - 0 runs, 0 hits, 0 errors, 0 left on base; Forest City 4 - Jersey City 1
BOTTOM OF THE 5TH
Jersey City Tritons batting - Pitching for Forest City Warriors : RHP Tim Walker
Batting: RHB Nate Edwards 0-0: Called Strike
0-1: Ball
1-1: Called Strike
1-2: Strikes out swinging
Batting: RHB Santiago Valentín 0-0: Ground out 3-1 (Groundball, 34, EV 96.2 MPH)
Batting: RHB Syed Sarkar 0-0: Ball
1-0: SINGLE (Groundball, 6D, EV 104.4 MPH)
Batting: RHB Mauro Jasso 0-0: Ball
1-0: Foul Ball, location: 2F
1-1: Ball
2-1: Ball
3-1: Called Strike
3-2: Base on Balls
Syed Sarkar to second
Batting: LHB Steve Whitehead 0-0: Called Strike
0-1: Ball
1-1: Swinging Strike
1-2: Foul Ball, location: 2F
1-2: Ball
2-2: Foul Ball, location: 2F
2-2: Foul Ball, location: 2F
2-2: Foul Ball, location: 2F
2-2: Ball
3-2: Foul Ball, location: 2F
3-2: Base on Balls
Syed Sarkar to third
Mauro Jasso to second
Batting: RHB José García 0-0: Swinging Strike
0-1: Called Strike
0-2: Foul Ball, location: 2F
0-2: Ball
Wild Pitch!
Syed Sarkar scores
Mauro Jasso to third
Steve Whitehead to second
1-2: Ball
2-2: Foul Ball, location: 2F
2-2: Strikes out looking
Bottom of the 5th over - 1 run, 1 hit, 0 errors, 2 left on base; Forest City 4 - Jersey City 2
TOP OF THE 6TH
Forest City Warriors batting - Pitching for Jersey City Tritons : LHP Paul Vereen
Batting: RHB Wilbur Davis 0-0: Foul Ball, location: 2F
0-1: Ball
1-1: Ball
2-1: Swinging Strike
2-2: Ball
3-2: Foul Ball, location: 2F
3-2: Strikes out swinging
Batting: LHB Lauren Hilfiker 0-0: Ball
1-0: Ground out 6-3 (Groundball, 56, EV 101.9 MPH)
Batting: RHB José Álvarez 0-0: Ball
1-0: Ball
2-0: Swinging Strike
2-1: Ground out 4-3 (Groundball, 4, EV 85.6 MPH)
Top of the 6th over - 0 runs, 0 hits, 0 errors, 0 left on base; Forest City 4 - Jersey City 2
BOTTOM OF THE 6TH
Jersey City Tritons batting - Pitching for Forest City Warriors : RHP Tim Walker
Batting: RHB Lorenzo Varela 0-0: Foul Ball, location: 2F
0-1: Foul Ball, location: 2F
0-2: Foul Ball, location: 2F
0-2: Ball
1-2: Reached on error, E6 (Flyball, 6D, EV 91.2 MPH)
Pitching: RHP Daryl Keirl
Batting: LHB Jarred Williamson 0-0: Called Strike
0-1: SINGLE (Groundball, 3D, EV 104.4 MPH)
Lorenzo Varela to second
Runner from 2nd tries for 3rd, SAFE, no throw by RF
Batting: RHB Jaime Montés 0-0: Ball
1-0: Ball
2-0: Called Strike
2-1: Fly out, F8 (Flyball, 8RM, EV 92.5 MPH)
Runner from 3rd tags up, SCORES, throw by CF
Batting: RHB Nate Edwards 0-0: Called Strike
0-1: Ball
1-1: Ball
2-1: Swinging Strike
2-2: Ball
3-2: Base on Balls
Jarred Williamson to second
Batting: RHB Santiago Valentín 0-0: Ball
1-0: Called Strike
1-1: Ground out 5-3 (Groundball, 56S, EV 85.6 MPH)
Jarred Williamson to third
Nate Edwards to second
Batting: RHB Syed Sarkar 0-0: Fly out, F7 (Flyball, 78S, EV 88.8 MPH)
Bottom of the 6th over - 1 run, 1 hit, 1 error, 2 left on base; Forest City 4 - Jersey City 3
TOP OF THE 7TH
Forest City Warriors batting - Pitching for Jersey City Tritons : LHP Paul Vereen
Batting: RHB Dale Epner 0-0: Called Strike
0-1: SINGLE (Groundball, 4MD, EV 100.0 MPH)
Batting: RHB Armando Altagracia 0-0: Fly out, F7 (Flyball, 7D, EV 90.6 MPH)
Runner from 1st tags up, SAFE at 2nd
Batting: RHB Yu-bao Wie 0-0: Called Strike
0-1: Ball
1-1: Called Strike
1-2: Ground out 6-3 (Groundball, 56, EV 101.9 MPH)
Batting: RHB Ernest Franks 0-0: Ball
1-0: Ball
2-0: Foul Ball, location: 2F
2-1: Swinging Strike
2-2: Ball
3-2: Ground out 4-3 (Groundball, 4, EV 105.0 MPH)
Top of the 7th over - 0 runs, 1 hit, 0 errors, 1 left on base; Forest City 4 - Jersey City 3
BOTTOM OF THE 7TH
Jersey City Tritons batting - Pitching for Forest City Warriors : RHP Daryl Keirl
Batting: RHB Mauro Jasso 0-0: Foul Ball, location: 2F
0-1: Swinging Strike
0-2: Strikes out swinging
Batting: LHB Steve Whitehead 0-0: Called Strike
0-1: Called Strike
0-2: Ball
1-2: Strikes out swinging
Batting: RHB José García 0-0: Ground out 6-3 (Groundball, 6S, EV 82.5 MPH)
Bottom of the 7th over - 0 runs, 0 hits, 0 errors, 0 left on base; Forest City 4 - Jersey City 3
TOP OF THE 8TH
Forest City Warriors batting - Pitching for Jersey City Tritons : LHP Paul Vereen
Batting: RHB Sigi Lang 0-0: Ground out 4-3 (Groundball, 4MS, EV 66.2 MPH)
Batting: RHB Roberto Vázquez 0-0: Swinging Strike
0-1: Ground out 6-3 (Groundball, 6, EV 79.4 MPH)
Batting: RHB Wilbur Davis 0-0: Ball
1-0: Called Strike
1-1: Foul Ball, location: 2F
1-2: Hit by Pitch
Pitching: LHP Wesley van Klaveren
Batting: LHB Lauren Hilfiker 0-0: Ball
1-0: SINGLE (Line Drive, 7S, EV 101.2 MPH)
Wilbur Davis to second
Batting: RHB José Álvarez 0-0: Ball
1-0: Ball
2-0: Ball
3-0: Called Strike
3-1: Base on Balls
Wilbur Davis to third
Lauren Hilfiker to second
Batting: RHB Dale Epner 0-0: Foul Ball, location: 2F
0-1: Called Strike
0-2: Foul Ball, location: 2F
0-2: Ball
1-2: Ball
2-2: Fielders Choice at 2nd, 6-4 (Groundball, 6, EV 76.9 MPH)
Top of the 8th over - 0 runs, 1 hit, 0 errors, 3 left on base; Forest City 4 - Jersey City 3
BOTTOM OF THE 8TH
Jersey City Tritons batting - Pitching for Forest City Warriors : RHP Daryl Keirl
Batting: RHB Lorenzo Varela 0-0: Foul Ball, location: 2F
0-1: SINGLE (Groundball, 6MD, EV 101.9 MPH)
Pitching: LHP Lawrence Lane
Pinch Hitting: RHB Alfredo Valdéz 0-0: Ball
1-0: Sac Bunt to 5S - play at first, batter OUT! 5-4
Lorenzo Varela to second
Batting: RHB Jaime Montés 0-0: Ball
1-0: Swinging Strike
1-1: Ball
2-1: Ground out 6-3 (Groundball, 6, EV 81.2 MPH)
Batting: RHB Nate Edwards 0-0: Ball
1-0: Foul Ball, location: 2F
1-1: Ball
2-1: Foul Ball, location: 2F
2-2: Ball
3-2: Base on Balls
Batting: RHB Santiago Valentín 0-0: Foul Ball, location: 2F
0-1: Ground out 2-3 (Groundball, 2L, EV 64.4 MPH)
Bottom of the 8th over - 0 runs, 1 hit, 0 errors, 2 left on base; Forest City 4 - Jersey City 3
TOP OF THE 9TH
Forest City Warriors batting - Pitching for Jersey City Tritons : LHP Wesley van Klaveren
Now at C: Sun-jae Kwak
Batting: RHB Armando Altagracia 0-0: Called Strike
0-1: Swinging Strike
0-2: Fly out, F4 (Popup, 4, EV 70.6 MPH)
Batting: RHB Yu-bao Wie 0-0: Called Strike
0-1: Ground out 1-3 (Groundball, P, EV 84.4 MPH)
Batting: RHB Ernest Franks 0-0: Ball
1-0: Ball
2-0: Ball
3-0: Called Strike
3-1: Foul Ball, location: 2F
3-2: SINGLE (Groundball, 25, EV 68.1 MPH) (infield hit)
Batting: RHB Sigi Lang 0-0: Ball
1-0: Called Strike
1-1: Called Strike
Ernest Franks steals 2nd base
1-2: Ball
2-2: Foul Ball, location: 2F
2-2: Fly out, F8 (Line Drive, 8RM, EV 105.6 MPH)
Top of the 9th over - 0 runs, 1 hit, 0 errors, 1 left on base; Forest City 4 - Jersey City 3
BOTTOM OF THE 9TH
Jersey City Tritons batting - Pitching for Forest City Warriors : LHP Lawrence Lane
Pitching: LHP Sergio Ramírez
Now at 1B: Lawrence Stokes
Batting: RHB Syed Sarkar 0-0: Ball
1-0: Foul Ball, location: 2F
1-1: Foul Ball, location: 2F
1-2: Ball
2-2: Strikes out swinging
Batting: RHB Mauro Jasso 0-0: Called Strike
0-1: Ball
1-1: Ball
2-1: Swinging Strike
2-2: Ground out 2-3 (Groundball, 13S, EV 63.8 MPH)
Batting: LHB Steve Whitehead 0-0: Ball
1-0: Ball
2-0: Fly out, F9 (Flyball, 9S, EV 89.4 MPH)
Bottom of the 9th over - 0 runs, 0 hits, 0 errors, 0 left on base; Forest City 4 - Jersey City 3
Tuesday, January 5th, 2021 - OOTP Baseball 20.8 Build 74